BR (22 & UNDER)
QUINCY DOUGHBOYS @ SAN FRANCISCO MACHO MEN
08/31/2029
 
TOP OF THE 1ST
Quincy Doughboys batting - Pitching for San Francisco Macho Men : LHP Benjamim Janarra
Pitching: LHP Benjamim Janarra
Batting: LHB Esteban Pérez 0-0: Foul Ball, location: 2F
0-1: Swinging Strike
0-2: Strikes out swinging
Batting: SHB David Bennett 0-0: Ball
1-0: Foul Ball, location: 2F
1-1: Foul Ball, location: 2F
1-2: Ball
2-2: Strikes out swinging
Batting: RHB Pedro Cuevas 0-0: Foul Ball, location: 2F
0-1: Ball
1-1: Called Strike
1-2: Ball
2-2: Strikes out looking
Top of the 1st over - 0 runs, 0 hits, 0 errors, 0 left on base; Quincy 0 - San Francisco 0
BOTTOM OF THE 1ST
San Francisco Macho Men batting - Pitching for Quincy Doughboys : RHP Gerald Collins
Pitching: RHP Gerald Collins
Batting: RHB Dean Oglethorpe 0-0: Swinging Strike
0-1: Called Strike
0-2: Ball
1-2: Foul Ball, location: 2F
1-2: Ball
2-2: Fly out, F7 (Flyball, 78S)
Batting: RHB Derek Hartman 0-0: Called Strike
0-1: Ball
1-1: Swinging Strike
1-2: Ball
2-2: Foul Ball, location: 2F
2-2: Foul Ball, location: 2F
2-2: Ball
3-2: Base on Balls
Batting: RHB Vincent Abrams 0-0: Swinging Strike
0-1: Hit by Pitch
Derek Hartman to second
Batting: RHB Ánibal López 0-0: Ball
1-0: Ground out 5-3 (Groundball, 56S)
Derek Hartman to third
Vincent Abrams to second
Batting: RHB Dave MacGruder 0-0: Ball
1-0: Ball
2-0: Called Strike
2-1: Foul Ball, location: 2F
2-2: Ball
3-2: Foul Ball, location: 2F
3-2: Foul Ball, location: 2F
3-2: Ground out 6-3 (Groundball, 6)
Bottom of the 1st over - 0 runs, 0 hits, 0 errors, 2 left on base; Quincy 0 - San Francisco 0
TOP OF THE 2ND
Quincy Doughboys batting - Pitching for San Francisco Macho Men : LHP Benjamim Janarra
Batting: LHB Tomás Gonzáles 0-0: Ball
1-0: Called Strike
1-1: Ground out 6-3 (Groundball, 6S)
Batting: LHB Esteban Rodríguez 0-0: Called Strike
0-1: Ball
1-1: Ball
2-1: Foul Ball, location: 2F
2-2: Strikes out looking
Batting: RHB Henry Rose 0-0: Ground out 6-3 (Groundball, 6)
Top of the 2nd over - 0 runs, 0 hits, 0 errors, 0 left on base; Quincy 0 - San Francisco 0
BOTTOM OF THE 2ND
San Francisco Macho Men batting - Pitching for Quincy Doughboys : RHP Gerald Collins
Batting: RHB Weldon Duke 0-0: Foul Ball, location: 2F
0-1: Called Strike
0-2: Foul Ball, location: 2F
0-2: Ball
1-2: Foul Ball, location: 2F
1-2: Foul Ball, location: 2F
1-2: Foul Ball, location: 2F
1-2: Ball
2-2: Fly out, F9 (Flyball, 9S)
Batting: RHB Bob Jones 0-0: Fly out, F3 (Popup, 3SF)
Batting: RHB Dave Bennett 0-0: Ball
1-0: Ground out 3-1 (Groundball, 34)
Bottom of the 2nd over - 0 runs, 0 hits, 0 errors, 0 left on base; Quincy 0 - San Francisco 0
TOP OF THE 3RD
Quincy Doughboys batting - Pitching for San Francisco Macho Men : LHP Benjamim Janarra
Batting: RHB Miguel Martínez 0-0: Fly out, F8 (Line Drive, 8RD)
Batting: RHB Louis Miller 0-0: Foul Ball, location: 2F
0-1: Ground out 5-3 (Groundball, 5)
Batting: LHB Rob Johnson 0-0: Ball
1-0: Ball
2-0: Foul Ball, location: 2F
2-1: Fly out, F7 (Flyball, 7D)
Top of the 3rd over - 0 runs, 0 hits, 0 errors, 0 left on base; Quincy 0 - San Francisco 0
BOTTOM OF THE 3RD
San Francisco Macho Men batting - Pitching for Quincy Doughboys : RHP Gerald Collins
Batting: RHB Lawrence Pérez 0-0: Fly out, F8 (Line Drive, 8LM)
Batting: RHB Dean Oglethorpe 0-0: Ball
1-0: Foul Ball, location: 2F
1-1: Fly out, F5 (Line Drive, 5L)
Batting: RHB Derek Hartman 0-0: Fly out, F9 (Line Drive, 89D)
Bottom of the 3rd over - 0 runs, 0 hits, 0 errors, 0 left on base; Quincy 0 - San Francisco 0
TOP OF THE 4TH
Quincy Doughboys batting - Pitching for San Francisco Macho Men : LHP Benjamim Janarra
Batting: LHB Esteban Pérez 0-0: Ball
1-0: Foul Ball, location: 2F
1-1: Foul Ball, location: 2F
1-2: Foul Ball, location: 2F
1-2: Ground out U3 (Groundball, 3)
Batting: SHB David Bennett 0-0: Fly out, F5 (Line Drive, 56)
Batting: RHB Pedro Cuevas 0-0: Called Strike
0-1: Ball
1-1: Ball
2-1: Called Strike
2-2: Strikes out looking
Top of the 4th over - 0 runs, 0 hits, 0 errors, 0 left on base; Quincy 0 - San Francisco 0
BOTTOM OF THE 4TH
San Francisco Macho Men batting - Pitching for Quincy Doughboys : RHP Gerald Collins
Batting: RHB Vincent Abrams 0-0: Called Strike
0-1: Foul Ball, location: 2F
0-2: Ball
1-2: Ball
2-2: Strikes out looking
Batting: RHB Ánibal López 0-0: SINGLE (Groundball, 34D)
Batting: RHB Dave MacGruder 0-0: Called Strike
0-1: Foul Ball, location: 2F
0-2: Fly out, F9 (Flyball, 9)
Batting: RHB Weldon Duke 0-0: Ball
1-0: Ball
2-0: Foul Ball, location: 2F
2-1: Foul Ball, location: 2F
2-2: Ground out 6-3 (Groundball, 56)
Bottom of the 4th over - 0 runs, 1 hit, 0 errors, 1 left on base; Quincy 0 - San Francisco 0
TOP OF THE 5TH
Quincy Doughboys batting - Pitching for San Francisco Macho Men : LHP Benjamim Janarra
Batting: LHB Tomás Gonzáles 0-0: Ball
1-0: Ball
2-0: Fly out, F6 (Popup, 5DF)
Batting: LHB Esteban Rodríguez 0-0: Foul Ball, location: 2F
0-1: Swinging Strike
0-2: Ball
1-2: Strikes out looking
Batting: RHB Henry Rose 0-0: Called Strike
0-1: Called Strike
0-2: Foul Ball, location: 2F
0-2: SINGLE (Flyball, 7S)
Batting: RHB Miguel Martínez 0-0: Ball
1-0: Ball
2-0: Ball
3-0: Called Strike
3-1: Foul Ball, location: 2F
3-2: Base on Balls
Henry Rose to second
Batting: RHB Louis Miller 0-0: Called Strike
0-1: Ball
1-1: Foul Ball, location: 2F
1-2: Strikes out swinging passed ball, reaches first!
Henry Rose to third
Miguel Martínez to second
Batting: LHB Rob Johnson 0-0: Ball
1-0: Called Strike
1-1: Swinging Strike
1-2: Foul Ball, location: 2F
1-2: Ball
2-2: Ball
3-2: Base on Balls
Henry Rose scores
Miguel Martínez to third
Louis Miller to second
Batting: LHB Esteban Pérez 0-0: Called Strike
0-1: Ground out U3 (Groundball, 3)
Top of the 5th over - 1 run, 1 hit, 0 errors, 3 left on base; Quincy 1 - San Francisco 0
BOTTOM OF THE 5TH
San Francisco Macho Men batting - Pitching for Quincy Doughboys : RHP Gerald Collins
Batting: RHB Bob Jones 0-0: Called Strike
0-1: Ball
1-1: SINGLE (Line Drive, 9)
Batting: RHB Dave Bennett 0-0: Called Strike
0-1: Fly out, F8 (Line Drive, 78D)
Batting: RHB Lawrence Pérez 0-0: Ball
1-0: Ball
2-0: Fielders Choice at 2nd, 1-6 (Groundball, 13S)
Batting: RHB Dean Oglethorpe 0-0: Called Strike
0-1: Fielders Choice at 2nd, 6-4 (Groundball, 6)
Bottom of the 5th over - 0 runs, 1 hit, 0 errors, 1 left on base; Quincy 1 - San Francisco 0
TOP OF THE 6TH
Quincy Doughboys batting - Pitching for San Francisco Macho Men : LHP Benjamim Janarra
Batting: SHB David Bennett 0-0: Called Strike
0-1: Ball
1-1: Ball
2-1: Fly out, F6 (Line Drive, 6)
Batting: RHB Pedro Cuevas 0-0: Called Strike
0-1: Ball
1-1: Ball
2-1: Fly out, F8 (Flyball, 8RD)
Batting: LHB Tomás Gonzáles 0-0: Foul Ball, location: 2F
0-1: Ball
1-1: Swinging Strike
1-2: Strikes out swinging
Top of the 6th over - 0 runs, 0 hits, 0 errors, 0 left on base; Quincy 1 - San Francisco 0
BOTTOM OF THE 6TH
San Francisco Macho Men batting - Pitching for Quincy Doughboys : RHP Gerald Collins
Batting: RHB Derek Hartman 0-0: Swinging Strike
0-1: Swinging Strike
0-2: Ball
1-2: Foul Ball, location: 2F
1-2: Strikes out swinging
Batting: RHB Vincent Abrams 0-0: Ball
1-0: Called Strike
1-1: Ball
2-1: SINGLE (Line Drive, 8LS)
Batting: RHB Ánibal López 0-0: SINGLE (Flyball, 8RS)
Vincent Abrams to second
Batting: RHB Dave MacGruder 0-0: Called Strike
0-1: Called Strike
0-2: Strikes out swinging
Batting: RHB Weldon Duke 0-0: Called Strike
0-1: Ball
1-1: Foul Ball, location: 2F
1-2: Ground out U3 (Groundball, 3S)
Bottom of the 6th over - 0 runs, 2 hits, 0 errors, 2 left on base; Quincy 1 - San Francisco 0
TOP OF THE 7TH
Quincy Doughboys batting - Pitching for San Francisco Macho Men : LHP Benjamim Janarra
Batting: LHB Esteban Rodríguez 0-0: Ball
1-0: Foul Ball, location: 2F
1-1: Reached on error, E8 (Flyball, 8RD)
Pinch Hitting: RHB Luis Díaz 0-0: Fly out, F7 (Flyball, 7)
Pinch Hitting: RHB Ramiro Villescaz 0-0: SINGLE (Line Drive, 7S)
Esteban Rodríguez to second
Pinch Hitting: RHB Melvin Matthews 0-0: Called Strike
0-1: Ball
1-1: Called Strike
1-2: Fly out, F7 (Flyball, 7LS)
Batting: LHB Rob Johnson 0-0: Foul Ball, location: 2F
0-1: Fielders Choice at 2nd, 6-4 (Groundball, 6)
Top of the 7th over - 0 runs, 1 hit, 1 error, 2 left on base; Quincy 1 - San Francisco 0
BOTTOM OF THE 7TH
San Francisco Macho Men batting - Pitching for Quincy Doughboys : RHP Gerald Collins
Now at 3B: Luis Díaz
Now at SS: Ramiro Villescaz
Batting: RHB Bob Jones 0-0: Swinging Strike
Now at SS: Raúl Luna 0-1: Ball
1-1: Ball
2-1: Swinging Strike
2-2: SINGLE (Groundball, 56D)
Batting: RHB Dave Bennett 0-0: Sac Bunt - play at first, batter OUT! 1-4
Bob Jones to second
Pinch Hitting: RHB Clay Smith 0-0: Foul Ball, location: 2F
0-1: Ball
1-1: Ball
2-1: Fly out, F7 (Flyball, 7S)
Batting: RHB Dean Oglethorpe 0-0: Ball
1-0: Swinging Strike
1-1: Ball
2-1: Ball
3-1: Ground out 6-3 (Groundball, 56)
Bottom of the 7th over - 0 runs, 1 hit, 0 errors, 1 left on base; Quincy 1 - San Francisco 0
TOP OF THE 8TH
Quincy Doughboys batting - Pitching for San Francisco Macho Men : LHP Benjamim Janarra
Now at 3B: Clay Smith
Batting: LHB Esteban Pérez 0-0: Swinging Strike
0-1: Called Strike
0-2: Ball
1-2: Strikes out swinging
Batting: SHB David Bennett 0-0: Ground out 4-3 (Groundball, 4)
Batting: RHB Pedro Cuevas 0-0: Swinging Strike
0-1: Called Strike
0-2: Ball
1-2: Ball
2-2: Fly out, F8 (Line Drive, 89D)
Top of the 8th over - 0 runs, 0 hits, 0 errors, 0 left on base; Quincy 1 - San Francisco 0
BOTTOM OF THE 8TH
San Francisco Macho Men batting - Pitching for Quincy Doughboys : RHP Gerald Collins
Batting: RHB Derek Hartman 0-0: Called Strike
0-1: Foul Ball, location: 2F
0-2: Ball
1-2: Foul Ball, location: 2F
1-2: Ball
2-2: Foul Ball, location: 2F
2-2: Ball
3-2: Ground out 5-3 (Groundball, 5S)
Pitching: RHP Orlando Molina
Batting: RHB Vincent Abrams 0-0: Ball
1-0: SINGLE (Line Drive, 34D)
Batting: RHB Ánibal López 0-0: Called Strike
0-1: Ball
1-1: Fly out, F8 (Flyball, 8RD)
Batting: RHB Dave MacGruder 0-0: Ball
1-0: Ball
2-0: Ball
3-0: Base on Balls
Vincent Abrams to second
Batting: RHB Weldon Duke 0-0: Ball
1-0: Foul Ball, location: 2F
1-1: Foul Ball, location: 2F
1-2: Ball
2-2: SINGLE (Line Drive, 56)
Vincent Abrams to third
Dave MacGruder to second
Runner from 3rd tries for Home, SAFE, throw made home
Batting: RHB Bob Jones 0-0: Ball
1-0: Called Strike
1-1: Foul Ball, location: 2F
1-2: Foul Ball, location: 2F
1-2: Strikes out looking
Bottom of the 8th over - 1 run, 2 hits, 0 errors, 2 left on base; Quincy 1 - San Francisco 1
TOP OF THE 9TH
Quincy Doughboys batting - Pitching for San Francisco Macho Men : LHP Benjamim Janarra
Batting: LHB Tomás Gonzáles 0-0: Ball
1-0: Called Strike
1-1: Foul Ball, location: 2F
1-2: Ball
2-2: Ball
3-2: Strikes out swinging
Pinch Hitting: LHB José Martínez 0-0: Ball
1-0: Called Strike
1-1: Swinging Strike
1-2: Strikes out swinging
Batting: RHB Luis Díaz 0-0: Ball
1-0: Ball
2-0: SINGLE (Groundball, 4MD)
Pitching: RHP José Zamora
Batting: RHB Ramiro Villescaz 0-0: Ball
1-0: Ground out 4-3 (Groundball, 4S)
Top of the 9th over - 0 runs, 1 hit, 0 errors, 1 left on base; Quincy 1 - San Francisco 1
BOTTOM OF THE 9TH
San Francisco Macho Men batting - Pitching for Quincy Doughboys : RHP Orlando Molina
Now at 1B: Buddy Jones
Pinch Hitting: RHB Awragh Hazem 0-0: Called Strike
0-1: Ball
1-1: Swinging Strike
1-2: Strikes out looking
Batting: RHB Clay Smith 0-0: Ball
1-0: Called Strike
1-1: Fly out, F8 (Flyball, 8LXD)
Batting: RHB Dean Oglethorpe 0-0: Ball
1-0: Swinging Strike
1-1: Fly out, F8 (Flyball, 8RM)
Bottom of the 9th over - 0 runs, 0 hits, 0 errors, 0 left on base; Quincy 1 - San Francisco 1
TOP OF THE 10TH
Quincy Doughboys batting - Pitching for San Francisco Macho Men : RHP José Zamora
Now in LF: Awragh Hazem
Batting: LHB Raúl Luna 0-0: Ball
1-0: Called Strike
1-1: Swinging Strike
1-2: Ball
2-2: Strikes out looking
Batting: LHB Rob Johnson 0-0: Ball
1-0: Foul Ball, location: 2F
1-1: Called Strike
1-2: SINGLE (Flyball, 89M)
Pinch Runner at 1st Ben Martin:
Batting: LHB Esteban Pérez 0-0: Ball
Ben Martin is caught stealing 2nd base
1-0: Swinging Strike
1-1: Foul Ball, location: 2F
1-2: Ball
2-2: Foul Ball, location: 2F
2-2: Foul Ball, location: 2F
2-2: Ball
3-2: Foul Ball, location: 2F
3-2: Foul Ball, location: 2F
3-2: Strikes out looking
Top of the 10th over - 0 runs, 1 hit, 0 errors, 0 left on base; Quincy 1 - San Francisco 1
BOTTOM OF THE 10TH
San Francisco Macho Men batting - Pitching for Quincy Doughboys : RHP Orlando Molina
Pitching: LHP Ronnie Beason
Batting: RHB Derek Hartman 0-0: Ball
1-0: Ball
2-0: Called Strike
2-1: Ball
3-1: Called Strike
3-2: Fly out, F9 (Flyball, 9LS)
Batting: RHB Vincent Abrams 0-0: Called Strike
0-1: Foul Ball, location: 2F
0-2: Ground out 5-3 (Groundball, 56)
Batting: RHB Ánibal López 0-0: Ground out 6-3 (Groundball, 6)
Bottom of the 10th over - 0 runs, 0 hits, 0 errors, 0 left on base; Quincy 1 - San Francisco 1
TOP OF THE 11TH
Quincy Doughboys batting - Pitching for San Francisco Macho Men : RHP José Zamora
Batting: SHB David Bennett 0-0: Ground out 4-3 (Groundball, 4S)
Batting: RHB Pedro Cuevas 0-0: Foul Ball, location: 2F
0-1: Ball
1-1: Ball
2-1: Swinging Strike
2-2: Foul Ball, location: 2F
2-2: Strikes out looking
Batting: LHB Tomás Gonzáles 0-0: Ball
1-0: Hit by Pitch
Batting: LHB Buddy Jones 0-0: Called Strike
0-1: Called Strike
0-2: Ball
Throwing error on steal attempt, E2
Tomás Gonzáles to third
1-2: Fly out, F4 (Popup, 4)
Top of the 11th over - 0 runs, 0 hits, 1 error, 1 left on base; Quincy 1 - San Francisco 1
BOTTOM OF THE 11TH
San Francisco Macho Men batting - Pitching for Quincy Doughboys : LHP Ronnie Beason
Pitching: RHP José Reyes
Batting: RHB Dave MacGruder 0-0: Called Strike
0-1: Ball
1-1: Ball
2-1: Ball
3-1: Ground out 6-3 (Groundball, 6)
Batting: RHB Weldon Duke 0-0: Called Strike
0-1: Ball
1-1: Ball
2-1: Foul Ball, location: 2F
2-2: Ground out 6-3 (Groundball, 6)
Batting: RHB Bob Jones 0-0: Ball
1-0: Ball
2-0: Ball
3-0: Base on Balls
Batting: RHB Awragh Hazem 0-0: Called Strike
0-1: Ball
1-1: Swinging Strike
1-2: Strikes out swinging
Bottom of the 11th over - 0 runs, 0 hits, 0 errors, 1 left on base; Quincy 1 - San Francisco 1
TOP OF THE 12TH
Quincy Doughboys batting - Pitching for San Francisco Macho Men : RHP José Zamora
Pitching: RHP Javier Santos
Batting: RHB Luis Díaz 0-0: Called Strike
0-1: Swinging Strike
0-2: Ball
1-2: Foul Ball, location: 2F
1-2: Ball
2-2: Foul Ball, location: 2F
2-2: Foul Ball, location: 2F
2-2: Ball
3-2: Fly out, F8 (Flyball, 8LM)
Batting: RHB Ramiro Villescaz 0-0: Called Strike
0-1: Swinging Strike
0-2: Strikes out looking
Batting: LHB Raúl Luna 0-0: Called Strike
0-1: Foul Ball, location: 2F
0-2: Ball
1-2: SINGLE (Groundball, 4MD)
Batting: RHB Ben Martin 0-0: Ball
1-0: Ball
2-0: Foul Ball, location: 2F
2-1: SINGLE (Line Drive, 7LM)
Raúl Luna to second
Batting: LHB Esteban Pérez 0-0: Ball
1-0: Called Strike
1-1: Ball
2-1: Fly out, F5 (Flyball, 5DF)
Top of the 12th over - 0 runs, 2 hits, 0 errors, 2 left on base; Quincy 1 - San Francisco 1
BOTTOM OF THE 12TH
San Francisco Macho Men batting - Pitching for Quincy Doughboys : RHP José Reyes
Batting: RHB Clay Smith 0-0: Called Strike
0-1: Ball
1-1: Ball
2-1: Ball
3-1: Base on Balls
Batting: RHB Dean Oglethorpe 0-0: Ball
1-0: Foul Ball, location: 2F
1-1: Ball
2-1: SINGLE (Line Drive, 8LS)
Clay Smith to second
Batting: RHB Derek Hartman 0-0: Called Strike
0-1: Swinging Strike
0-2: Strikes out looking
Batting: RHB Vincent Abrams 0-0: Ball
1-0: Ball
2-0: Grounds into double play, 6-4-3 (Groundball, 6D)
Bottom of the 12th over - 0 runs, 1 hit, 0 errors, 1 left on base; Quincy 1 - San Francisco 1
TOP OF THE 13TH
Quincy Doughboys batting - Pitching for San Francisco Macho Men : RHP Javier Santos
Batting: SHB David Bennett 0-0: Ball
1-0: Called Strike
1-1: Fly out, F9 (Flyball, 89M)
Batting: RHB Pedro Cuevas 0-0: Foul Ball, location: 2F
0-1: Foul Ball, location: 2F
0-2: Ball
1-2: Ball
2-2: Strikes out swinging
Batting: LHB Tomás Gonzáles 0-0: Ball
1-0: Ball
2-0: Ball
3-0: Base on Balls
Batting: LHB Buddy Jones 0-0: Ball
1-0: Ball
2-0: Swinging Strike
2-1: Ball
3-1: Ground out 4-3 (Groundball, 34)
Top of the 13th over - 0 runs, 0 hits, 0 errors, 1 left on base; Quincy 1 - San Francisco 1
BOTTOM OF THE 13TH
San Francisco Macho Men batting - Pitching for Quincy Doughboys : RHP José Reyes
Pitching: LHP Jon Todd
Batting: RHB Ánibal López 0-0: Ball
1-0: Called Strike
1-1: Ball
2-1: Fly out, F5 (Popup, 15S)
Batting: RHB Dave MacGruder 0-0: Ball
1-0: Ball
2-0: Called Strike
2-1: Ball
3-1: Called Strike
3-2: Foul Ball, location: 2F
3-2: Ground out 6-3 (Groundball, 6)
Batting: RHB Weldon Duke 0-0: Ball
1-0: Foul Ball, location: 2F
1-1: Fly out, F9 (Flyball, 89M)
Bottom of the 13th over - 0 runs, 0 hits, 0 errors, 0 left on base; Quincy 1 - San Francisco 1
TOP OF THE 14TH
Quincy Doughboys batting - Pitching for San Francisco Macho Men : RHP Javier Santos
Batting: RHB Luis Díaz 0-0: Ball
1-0: Called Strike
1-1: Fly out, F8 (Flyball, 8RM)
Batting: RHB Ramiro Villescaz 0-0: Called Strike
0-1: Foul Ball, location: 2F
0-2: Ball
1-2: Foul Ball, location: 2F
1-2: Strikes out looking
Batting: LHB Raúl Luna 0-0: Ball
1-0: Ball
2-0: SINGLE (Line Drive, 78S)
Batting: RHB Ben Martin 0-0: Called Strike
0-1: Ball
1-1: Ball
Raúl Luna steals 2nd base
2-1: DOUBLE (Groundball, 5L)
Raúl Luna scores
Batting: LHB Esteban Pérez 0-0: Called Strike
0-1: SINGLE (Line Drive, 7S)
Ben Martin to third
Runner from 3rd tries for Home, throw and OUT!
Top of the 14th over - 1 run, 3 hits, 0 errors, 1 left on base; Quincy 2 - San Francisco 1
BOTTOM OF THE 14TH
San Francisco Macho Men batting - Pitching for Quincy Doughboys : LHP Jon Todd
Batting: RHB Bob Jones 0-0: Fly out, F7 (Flyball, 7LD)
Batting: RHB Awragh Hazem 0-0: Called Strike
0-1: Ball
1-1: Ball
2-1: Foul Ball, location: 2F
2-2: Hit by Pitch
Batting: RHB Clay Smith 0-0: Called Strike
0-1: Fly out, F8 (Flyball, 8LD)
Batting: RHB Dean Oglethorpe 0-0: Ball
1-0: Ball
2-0: Ball
3-0: Called Strike
3-1: Base on Balls
Awragh Hazem to second
Batting: RHB Derek Hartman 0-0: Ball
1-0: Ball
2-0: Called Strike
2-1: SINGLE (Line Drive, 78S)
Awragh Hazem to third
Dean Oglethorpe to second
Runner from 3rd tries for Home, SAFE, no throw
Pitching: RHP Tony Navarro
Batting: RHB Vincent Abrams 0-0: Foul Ball, location: 2F
0-1: Foul Ball, location: 2F
0-2: Ball
1-2: Foul Ball, location: 2F
1-2: Ball
2-2: Ball
3-2: Base on Balls
Dean Oglethorpe to third
Derek Hartman to second
Batting: RHB Ánibal López 0-0: Ball
1-0: SINGLE (Groundball, 6MD)
Dean Oglethorpe scores
Saturday, December 16th, 2017 - OOTP Baseball 18.8 Build 76